 Dungeon Crawl Stone Soup version 0.30.2 (webtiles) character file.

Game seed: 6719059966971331263

5 Ashen the Trooper (level 1, 0/22 HPs)
             Began as an Ogre Warper on Jan 19, 2024.
             Slain by a jackal (3 damage)
             ... on level 1 of the Dungeon.
             The game lasted 00:00:22 (167 turns).

Ashen the Trooper (Ogre Warper)                      Turns: 167, Time: 00:00:23

Health: 0/22       AC:  3    Str: 14    XL:     1   Next: 80%
Magic:  4/4        EV:  9    Int: 14    God:
Gold:   0          SH:  0    Dex:  8    Spells: 5/5 levels left

rFire   . . .        a - +0 mace
rCold   . . .        (no shield)
rNeg    . . .        b - +0 robe
rPois   .            (helmet restricted)
rElec   .            (no cloak)
rCorr   .            (gloves unavailable)
SInv    .            (boots unavailable)
Will    .....        (no amulet)
Stlth   +            (no ring)
HPRegen 0.23/turn    (no ring)
MPRegen 0.09/turn

%: no passive effects
@: no status effects
A: large, unfitting armour, tough skin 1
a: no special abilities


You were on level 1 of the Dungeon.
You visited 1 branch of the dungeon, and saw 1 of its levels.

Inventory:

Hand Weapons
 a - a +0 mace (weapon)
Missiles
 d - 7 boomerangs of dispersal (quivered)
Armour
 b - a +0 robe (worn)
Scrolls
 c - a scroll of blinking
 e - 3 scrolls of teleportation {unknown}


   Skills:
 + Level 2.8 Fighting
 + Level 1.8 Maces & Flails
 + Level 1.1 Throwing
 + Level 2.2 Dodging
 + Level 2.5 Spellcasting
 + Level 2.7 Translocations


You had 5 spell levels left.
You didn't know any spells.
Your spell library contained the following spells:

 Spells                   Type           Power      Damage    Failure   Level
 Blink                    Tloc           18%        N/A       11%         2
 Lesser Beckoning         Tloc           18%        N/A       11%         2
 Teleport Other           Tloc           9%         N/A       22%         3
 Vhi's Electric Charge    Tloc/Air       10%        N/A       36%         3
 Manifold Assault         Tloc           9%         N/A       58%         4


Dungeon Overview and Level Annotations

Branches:
Dungeon (1/15)

Altars:


Innate Abilities, Weirdness & Mutations

You are too large for most types of armour.
You have tough skin. (AC +1)


Message History

* * * LOW HITPOINT WARNING * * *
You hit the jackal.
You kill the jackal!
The jackal barely misses you. x2
You hit the jackal.
The jackal is almost dead.
The jackal closely misses you.
You completely miss the jackal.
The jackal is almost dead.
The jackal barely misses you. x2
You closely miss the jackal.
The jackal is almost dead.
The jackal barely misses you. x2
You closely miss the jackal.
The jackal is almost dead.
The jackal closely misses you.
The jackal bites you but does no damage.
You barely miss the jackal.
The jackal is almost dead.
The jackal bites you.
* * * LOW HITPOINT WARNING * * *
The jackal bites you but does no damage.
You barely miss the jackal.
The jackal is almost dead.
The jackal barely misses you.
You hit the jackal but do no damage.
The jackal is almost dead.
The jackal barely misses you. x2
You barely miss the jackal.
The jackal is almost dead.
The jackal closely misses you. The jackal barely misses you.
You closely miss the jackal.
The jackal is almost dead.
The jackal bites you but does no damage.
The jackal barely misses you.
You closely miss the jackal.
The jackal is almost dead.
The jackal bites you but does no damage.
The jackal bites you.
You die...

......## .......# ..........##
.......+ ........... .......#
.........##### '#####.#..
...........># .........#
#...........
.....########..........#
.................h.....#.#
......##### #...@### #.#.#
+##.#.#######...##.# #.#.#
....#...........##.# #.#.#
..............>....# #.#.#
....##########+###.###.#.# #
.#.....................#.###....
.#######.........#.####[........
#............#.# #.########
#.##........#..####.#


You could see a jackal.

Vanquished Creatures
  2 endoplasms (D:1)
  A hobgoblin (D:1)
  A jackal (D:1)
4 creatures vanquished.

Notes
Turn   | Place    | Note
-------+----------+-------------------------------------------
     0 | D:1      | Ashen the Ogre Warper began the quest for the Orb.
     0 | D:1      | Reached XP level 1. HP: 22/22 MP: 3/3
   156 | D:1      | HP: 1/22 [jackal (2)]
   167 | D:1      | Slain by a jackal

Illustrated notes

Levels and vault maps discovered:
D:1:      sevenhm_arrival_forest_fort_large_2, layout_basic,
          hellmonk_ecumenical_altar_inner_sanctum, serial_shops, shop,
          minmay_pentomino_z4

Action                     || total
---------------------------++-------
  Melee: Mace              ||    27
 Armour: Robe              ||    14
  Dodge: Dodged            ||    29
